 Dungeon Crawl Stone Soup version 0.27.0-1-g7a089689b8 (webtiles) character file.

Game seed: 4788242230512905939

1940 lnt the Digger (level 8, -5/73 HPs)
             Began as a Deep Dwarf Earth Elementalist on Aug 1, 2021.
             Was a Follower of Makhleb.
             Slain by an orc warrior (16 damage)
             ... on level 8 of the Dungeon.
             The game lasted 00:47:47 (8925 turns).

lnt the Digger (Deep Dwarf Earth Elementalist)      Turns: 8925, Time: 00:47:47

Health: -5/73      AC:  2    Str: 12    XL:     8   Next: 98%
Magic:  1/15       EV: 16    Int: 18    God:    Makhleb [*.....]
Gold:   189        SH:  0    Dex: 13    Spells: 8/21 levels left

rFire    + . .     SeeInvis .   a - +3 spear
rCold    x . .     Faith    .   (no shield)
rNeg     . . .     Spirit   .   k - +0 robe
rPois    .         Reflect  .   (no helmet)
rElec    .         Harm     .   (no cloak)
rCorr    .         Rampage  .   (no gloves)
Will     +....                  (no boots)
Stlth    ++........             (no amulet)
HPRegen  0.00/turn              f - ring of fire
MPRegen  0.14/turn              C - +4 ring of evasion

@: no status effects
A: damage resistance, heal wounds, sense surroundings 1, no regeneration
a: Heal Wounds, Renounce Religion


You were on level 8 of the Dungeon.
You worshipped Makhleb.
Makhleb was aware of your devotion.
You visited 2 branches of the dungeon, and saw 9 of its levels.

You collected 189 gold pieces.

Inventory:

Hand Weapons
 a - a +3 spear (weapon)
 b - a +0 hunting sling
Missiles
 d - 82 stones
 l - 5 sling bullets
 z - a throwing net
 B - 8 boomerangs
Armour
 k - a +0 robe (worn)
 y - a +0 pair of gloves
Magical Staves
 p - a staff of fire
Jewellery
 f - a ring of fire (left hand)
 C - a +4 ring of evasion (right hand)
Wands
 w - a wand of flame (10)
Scrolls
 c - a scroll of summoning {unknown}
 e - 3 scrolls of identify {unknown}
 g - a scroll of blinking {unknown}
 h - 3 scrolls of magic mapping {unknown}
 i - a scroll of acquirement {unknown}
 n - 3 scrolls of teleportation {unknown}
 s - 2 scrolls of fog {unknown}
 u - a scroll of enchant armour {unknown}
 x - a scroll of torment {unknown}
 A - a scroll of enchant weapon {unknown}
 E - a scroll of amnesia {unknown}
 F - a scroll of immolation {unknown}
Potions
 j - 2 potions of curing {unknown}
 m - a potion of resistance {unknown}
 o - 4 potions of attraction {unknown}
 q - a potion of invisibility {unknown}
 r - a potion of mutation {unknown}
 t - a potion of flight {unknown}
 v - a potion of magic {unknown}
 D - a potion of degeneration {unknown}


   Skills:
 + Level 4.7 Fighting
 - Level 3.8 Polearms
 - Level 2.1 Dodging
 - Level 2.4 Stealth
 - Level 7.0 Spellcasting
 - Level 0.8 Transmutations
 - Level 7.3 Earth Magic


You had 8 spell levels left.
You knew the following spells:

 Your Spells              Type           Power      Damage    Failure   Level
a - Sandblast             Erth           64%        2d14      1%          1
b - Passwall              Tmut/Erth      17%        N/A       3%          2
c - Blink                 Tloc           N/A        N/A       16%         2
d - Stone Arrow           Conj/Erth      38%        3d9       7%          3
e - Lee's Rapid Deconstr  Erth           16%        3d11*     14%         5

Your spell library contained the following spells:

 Spells                   Type           Power      Damage    Failure   Level
 Animate Skeleton         Necr           12%        N/A       11%         1
 Apportation              Tloc           12%        N/A       11%         1
 Corona                   Hex            6%         N/A       11%         1
 Pain                     Necr           24%        1d5       11%         1
 Shock                    Conj/Air       24%        1d4       11%         1
 Summon Small Mammal      Summ           24%        N/A       11%         1
 Petrify                  Tmut/Erth      21%        N/A       21%         4
 Lesser Beckoning         Tloc           3%         N/A       32%         3
 Ozocubu's Armour         Ice            6%         N/A       32%         3
 Swiftness                Air            6%         N/A       32%         3
 Vampiric Draining        Necr           3%         2d6       32%         3
 Borgnjor's Vile Clutch   Necr/Erth      9%         N/A       54%         5
 Airstrike                Air            3%         N/A       71%         4
 Fulminant Prism          Conj/Hex       3%         3d6       71%         4
 Iskenderun's Mystic Bla  Conj/Tloc      6%         2d4       71%         4
 Alistair's Intoxication  Tmut/Pois      4%         N/A       94%         5
 Manifold Assault         Tloc           6%         N/A       96%         5
 Eringya's Noxious Bog    Tmut/Pois      3%         N/A       100%        6
 Ozocubu's Refrigeration  Ice            3%         4d5       100%        7


Dungeon Overview and Level Annotations

Branches:
Dungeon (8/15)             Temple (1/1) D:4
   Lair: D:8-11

Altars:
Ashenzari
Cheibriados
Elyvilon
Fedhas
Gozag
Kikubaaqudgha
Makhleb
Nemelex Xobeh
Okawaru
Qazlal
Ru
Sif Muna
Trog
Uskayaw
Vehumet
Wu Jian
Xom
Yredelemnul
Zin
The Shining One


Innate Abilities, Weirdness & Mutations

You are resistant to damage.
You can heal yourself by infusing magical energy.
You passively map a small area around you.
You do not regenerate.


Message History

The orc warrior is heavily wounded.
The orc warrior hits you with a +0 hand axe!
* * * LOW HITPOINT WARNING * * *
Casting: Sandblast (safe; 1% risk of failure)
Confirm with . or Enter, or press ? or * to list all spells.
Aiming: Stone Arrow (dangerous; 7% risk of failure)
Press: ? - help, Shift-Dir - straight line, f/p - orc warrior
Aim: an orc warrior, wielding a +0 hand axe and wearing a +0 chain mail (heavily wounded, 64% to hit)
The stone arrow hits the orc warrior!
The orc warrior is almost dead.
The orc warrior closely misses you.
You barely miss the orc warrior.
The orc warrior is almost dead.
The orc warrior hits you with a +0 hand axe!
* * * LOW HITPOINT WARNING * * *
You feel much better.
The orc warrior hits you with a +0 hand axe!
* * * LOW HITPOINT WARNING * * *
You barely miss the orc warrior.
The orc warrior is almost dead.
The orc warrior hits you with a +0 hand axe.
* * * LOW HITPOINT WARNING * * *
You feel much better. The orc warrior misses you.
You hit the orc warrior but do no damage.
The orc warrior is almost dead.
The orc warrior hits you with a +0 hand axe!
You hit the orc warrior but do no damage.
The orc warrior is almost dead.
The orc warrior hits you with a +0 hand axe!
* * * LOW HITPOINT WARNING * * *
You closely miss the orc warrior.
The orc warrior is almost dead.
The orc warrior completely misses you.
Aiming: Throw Flame
Press: ? - help, Shift-Dir - straight line, f/p - orc warrior
Aim: an orc warrior, wielding a +0 hand axe and wearing a +0 chain mail (almost dead, 64% to hit)
The puff of flame hits the orc warrior but does no damage.
The orc warrior is almost dead.
The orc warrior hits you with a +0 hand axe!
You die...

........#####..#.#.#.# *
........†......#.#.# # ,
.##.###.#####..#...., *
* .##.# #.# #..#.#./. *
....# #.# #..#.#.#..
.#### #.# #..#.#.#..# .#
#.# #..# .# ,*
.######.#####..###.##.##
...............#@.......
, *
#######........o...####.
#.#####.###### #.# #.#
### ###


You could see an orc warrior.

Vanquished Creatures
  A wyvern (D:7)
  Menkaure (D:4)
  A water moccasin (D:5)
  An ice beast (D:5)
  A black bear (D:8)
  A necrophage (D:6)
  A centaur (D:6)
  A phantom (D:6)
  A bullfrog (D:6)
  3 scorpions
  A wyvern skeleton (D:6)
  A water moccasin skeleton (D:4)
  2 howler monkeys
  A centaur zombie (D:5)
  2 hounds
  A jelly (D:5)
  3 orc priests
  A bullfrog skeleton (D:6)
  2 centaur skeletons
  3 iguanas
  3 orc wizards
  A killer bee zombie (D:7)
  2 hound zombies (D:5)
  4 gnolls
  3 adders
  A shadow imp (D:6)
  3 dart slugs
  23 orcs
  6 ball pythons
  8 endoplasms
  12 giant cockroaches
  7 goblins
  12 hobgoblins
  18 jackals
  8 kobolds
  2 quokkas (D:1)
  6 bats
  8 frilled lizards
  5 rats
161 creatures vanquished.

Vanquished Creatures (others)
  16 plants
16 creatures vanquished.

Grand Total: 177 creatures vanquished

Notes
Turn   | Place    | Note
-------+----------+-------------------------------------------
     0 | D:1      | lnt the Deep Dwarf Earth Elementalist began the quest for
                  | the Orb.
     0 | D:1      | Reached XP level 1. HP: 15/15 MP: 3/3
    73 | D:1      | Reached XP level 2. HP: 22/22 MP: 0/5
   998 | D:2      | Reached XP level 3. HP: 21/28 MP: 1/7
  1146 | D:2      | Found a faded altar of an unknown god.
  1338 | D:2      | Learned a level 2 spell: Passwall
  2157 | D:3      | Reached XP level 4. HP: 31/36 MP: 5/8
  2167 | D:3      | Reached skill level 5 in Earth Magic
  2598 | D:3      | Found a radiant altar of Vehumet.
  2737 | D:3      | Found an ancient bone altar of Kikubaaqudgha.
  2839 | D:3      | Found an ornate altar of the Wu Jian Council.
  3268 | D:4      | Reached XP level 5. HP: 43/43 MP: 7/10
  3315 | D:4      | Reached skill level 1 in Fighting
  3573 | D:4      | Found a white marble altar of Elyvilon.
  3789 | D:4      | Found a staircase to the Ecumenical Temple.
  3803 | D:4      | Learned a level 2 spell: Blink
  3808 | Temple   | Entered the Ecumenical Temple
  4029 | Temple   | Became a worshipper of Makhleb the Destroyer
  4152 | D:4      | Noticed Menkaure
  4157 | D:4      | Killed Menkaure
  4158 | D:4      | Reached XP level 6. HP: 27/52 MP: 7/11
  4205 | D:4      | Found a shimmering blue altar of Sif Muna.
  4297 | D:5      | Entered Level 5 of the Dungeon
  4537 | D:5      | Reached XP level 7. HP: 47/63 MP: 7/12
  4899 | D:5      | HP: 3/63 [ice beast (18)]
  4977 | D:5      | Reached skill level 1 in Polearms
  5100 | D:5      | Learned a level 3 spell: Stone Arrow
  5252 | D:5      | Reached * piety under Makhleb
  5583 | D:5      | Found a bloodstained altar of Trog.
  6276 | D:5      | Reached XP level 8. HP: 21/73 MP: 2/11
  6728 | D:6      | Reached skill level 5 in Spellcasting
  8340 | D:7      | Learned a level 5 spell: Lee's Rapid Deconstruction
  8364 | D:7      | Found a blossoming altar of Fedhas.
  8878 | D:8      | Identified the ring "Irueses" {rPois Str+2 Dex+3}
  8925 | D:8      | Slain by an orc warrior

Illustrated notes

Levels and vault maps discovered:
D:1:      mushboom_english_gardens, layout_basic, minmay_hexomino_p4
D:2:      minmay_chambers_of_ones, layout_basic,
          shapermc_ecumenical_altar_mp_highgroup, hangedman_feature_mirror,
          minivault_27, grunt_ministairs_2
D:3:      minmay_roachtagon, layout_rooms, nicolae_vehumet_radiance,
          nicolae_overflow_hidden_temple
D:4:      layout_basic, lemuel_blue_sif_altar, mainiacjoe_overflow_paths,
          minmay_temple_entry_trees, uniq_menkaure
D:5:      layout_layer_cave, trog_hazing_becter, serial_bayou_crossing
D:6:      layout_cave_pools, kennysheep_generic_room_9
D:7:      layout_cave_pods, fedhas_altar_1, minmay_misc_feat_plants
D:8:      layout_basic, minmay_lair_entry_grove, gammafunk_ghost_arena,
          serial_curves, eino_curves_03, eino_curves_02, eino_curves_02,
          eino_curves_03, serial_bayou_lake_a
Temple:   nicolae_temple_figure_eight

Skill      XL: |  1  2  3  4  5  6  7  8 |
---------------+-------------------------+-----
Spellcasting   | 2 3 7 |  7.0
Earth Magic    | 5 7 |  7.3
Fighting       | 2 3 4 |  4.7
Polearms       | 3 |  3.8
Dodging        | |  2.1
Stealth        | |  2.4
Transmutations | |  0.8

Action                   |  1- 3 |  4- 6 |  7- 9 || total
-------------------------+-------+-------+-------++-------
Melee: Unarmed           |     7 |       |       ||     7
       Spear             |    30 |    84 |   146 ||   260
       Club              |     7 |       |       ||     7
 Fire: Hunting sling     |       |       |    18 ||    18
Throw: Throwing net      |       |       |     1 ||     1
 Cast: Sandblast         |    49 |    68 |    22 ||   139
       Stone Arrow       |       |       |    66 ||    66
       Passwall          |       |       |     2 ||     2
 Abil: Heal Wounds       |     1 |     5 |    15 ||    21
Evoke: Wand              |       |       |     7 ||     7
 Stab: Sleeping          |     3 |     1 |       ||     4
Armor: Robe              |    17 |    20 |    17 ||    54
Dodge: Dodged            |    51 |    68 |   120 ||   239
